 Dungeon Crawl Stone Soup version 0.23-a0-814-g91b4073 (webtiles) character file.

11708 darkdagon605 the Fighter (level 11, -10/151 HPs)
             Began as a Green Draconian Transmuter on Jan 21, 2019.
             Was a Believer of Ru.
             Mangled by a spiny frog (14 damage)
             ... on level 1 of the Lair of Beasts.
             The game lasted 00:53:37 (14001 turns).

darkdagon605 the Fighter (DrTm)                    Turns: 14001, Time: 00:53:38

Health: -10/151    AC: 25    Str: 13    XL:     11   Next: 52%
Magic:  7/15       EV:  2    Int: 15    God:    Ru [**....]
Gold:   699        SH:  3    Dex: 13    Spells: 5/15 levels left

rFire    . . .     SeeInvis .     - Unarmed
rCold    . . .     Gourm    .   (no shield)
rNeg     + + +     Faith    .   (armour unavailable)
rPois    +         Spirit   .   (helmet currently unavailable)
rElec    .         Reflect  +   (cloak currently unavailable)
rCorr    .         Harm     .   (gloves currently unavailable)
MR       +....     NoTele   +   (boots currently unavailable)
Stlth    ++........             F - +3 amulet of reflection
HPRegen  0.35/turn              l - ring of stealth
MPRegen  0.14/turn              t - ring of protection from magic

@: lethally poisoned (-10 -> -23), tree-form
A: (breathe noxious fumes), unfitting armour, inability to use devices, AC +7
a: Renounce Religion


You were on level 1 of the Lair of Beasts.
You worshipped Ru.
Ru was pleased with you.
You were very hungry.
You were a tree.
You visited 3 branches of the dungeon, and saw 12 of its levels.
You also visited: Sewer.

You collected 721 gold pieces.
You spent 22 gold pieces at shops.

Inventory:

Missiles
 a - 140 arrows
 b - 288 stones
 E - 2 throwing nets (quivered)
Armour
 i - a +1 pair of gloves (melded)
 C - a scarf of resistance (melded)
Jewellery
 l - a ring of stealth (left branch)
 t - a ring of protection from magic (right branch)
 F - a +3 amulet of reflection (around neck)
Wands
 j - a wand of digging (5)
 m - a wand of disintegration (12)
 q - a wand of acid (12)
 v - a wand of random effects (31)
Scrolls
 d - 2 scrolls of magic mapping
 f - 4 scrolls of enchant armour
 h - 3 scrolls of remove curse
 n - 5 scrolls of enchant weapon
 s - 5 scrolls of teleportation
 x - 3 scrolls of blinking
 y - a scroll of amnesia
 D - 2 scrolls of identify
Potions
 e - a potion of agility {unknown}
 k - 3 potions of brilliance
 o - 3 potions of ambrosia
 p - a potion of resistance {unknown}
 r - 3 potions of flight
 u - 2 potions of haste {unknown}
 w - 6 potions of curing {unknown}
 z - 2 potions of cancellation {unknown}
 A - a potion of degeneration {unknown}
 B - 3 potions of might
 G - a potion of magic
Comestibles
 c - 11 rations


   Skills:
 - Level 10.9 Fighting
 - Level 9.2 Dodging
 - Level 10.5 Unarmed Combat
 + Level 2.9 Spellcasting
 + Level 4.5 Transmutations
 + Level 3.9 Ice Magic
 - Level 2.5 Poison Magic


You had 5 spell levels left.
You knew the following spells:

 Your Spells              Type           Power        Failure   Level  Hunger
a - Beastly Appendage     Tmut           ###...       3%          1    #......
b - Sticks to Snakes      Tmut           ###.....     4%          2    ##.....
c - Ice Form              Ice/Tmut       ##......     34%         4    #####..
s - Spider Form           Tmut/Pois      ##........   14%         3    ###....

Your spell library contained the following spells:

 Spells                   Type           Power        Failure   Level  Hunger
 Animate Skeleton         Necr           N/A          21%         1    #......
 Apportation              Tloc           #.....       21%         1    #......
 Confusing Touch          Hex            #.....       21%         1    #......
 Corona                   Hex            #......      21%         1    #......
 Magic Dart               Conj           #...         21%         1    #......
 Summon Small Mammal      Summ           #...         21%         1    #......
 Searing Ray              Conj           #.....       30%         2    ##.....
 Slow                     Hex            #.......     30%         2    ##.....
 Dazzling Spray           Conj/Hex       #.....       52%         3    ###....
 Inner Flame              Hex/Fire       #.......     52%         3    ###....
 Portal Projectile        Hex/Tloc       #.....       52%         3    ###....
 Blade Hands              Tmut           ###.......   65%         5    ######.
 Cause Fear               Hex            #.........   90%         4    #####..
 Force Lance              Conj/Tloc      #.......     90%         4    #####..
 Fulminant Prism          Conj/Hex       #.........   90%         4    #####..
 Iskenderun's Mystic Bla  Conj           #.......     90%         4    #####..
 Leda's Liquefaction      Hex/Erth       #.........   90%         4    #####..


Dungeon Overview and Level Annotations

Branches:
Dungeon (10/15)            Temple (1/1) D:5            Lair (1/6) D:10
    Orc (0/2) D:10

Altars:
Ashenzari
Cheibriados
Dithmenos
Elyvilon
Fedhas
Gozag
Hepliaklqana
Kikubaaqudgha
Makhleb
Nemelex Xobeh
Okawaru
Qazlal
Ru
Sif Muna
Trog
Uskayaw
Vehumet
Wu Jian
Xom
Yredelemnul
Zin
The Shining One

Shops:
D:4 (   D:8 ?

Annotations:
D:8 1 runed door


Innate Abilities, Weirdness & Mutations

((You can breathe blasts of noxious fumes.))
((Your lurid green scales are hard. (AC +7)))
You cannot fit into any form of body armour.
((Your system is resistant to poisons. (rPois)))
((You are cold-blooded and may be slowed by cold attacks.))
You cannot study or use magical devices.


Message History

* * * LOW HITPOINT WARNING * * *
You feel sick.
The wolf bites you but does no damage. x2
You hit the wolf.
The wolf is almost dead.
* * * LOW HITPOINT WARNING * * *
You feel sick. The wolf bites you but does no damage.
You hit the wolf.
You kill the wolf!
* * * LOW HITPOINT WARNING * * *
You feel sick.
You pummel the spiny frog!!
The spiny frog is heavily wounded.
* * * LOW HITPOINT WARNING * * *
You feel sick.
The spiny frog stings you but does no damage.
You smack the spiny frog!
The spiny frog is almost dead.
* * * LOW HITPOINT WARNING * * *
You feel sick. The spiny frog stings you!
You die...

##......## .......
###........##
.♣.....
.#..........##
##.......
.............#
#.....?..
.............##
#........
###...........##
##.....h.h
###..........####..#
##..........##h.##
###........♣Fh.#
###......###†#
######## #..# ##.#
.. #.. #.. #.#


You could see a spiny frog and 2 wolves.

Vanquished Creatures
  Harold (D:8)
  A two-headed ogre (D:8)
  An ugly thing (D:7)
  A black mamba (Lair:1)
  A spiny frog (Lair:1)
  A komodo dragon (D:7)
  3 trolls (D:7)
  A spriggan (D:7)
  3 yaks (Lair:1)
  A hungry ghost (D:7)
  4 wyverns
  A vampire mosquito (D:7)
  Menkaure (D:5)
  A water moccasin (Lair:1)
  3 porcupines (D:10)
  7 orc warriors
  2 ice beasts (D:6)
  2 sky beasts (D:9)
  5 black bears
  A phantom (D:10)
  23 wolves (Lair:1)
  2 ogres
  A centaur (D:7)
  A crocodile (D:8)
  3 big kobolds (D:8)
  11 bullfrogs
  4 scorpions
  A wyvern skeleton (D:6)
  A water moccasin skeleton (D:8)
  4 wights (D:6)
  5 howler monkeys
  7 crimson imps
  3 bullfrog zombies
  5 orc priests
  6 hounds
  A jelly (D:6)
  3 centaur skeletons
  6 orc wizards
  An iguana (D:7)
  9 worker ants
  A hound zombie (D:6)
  A worker ant zombie (D:5)
  8 gnolls
  15 adders
  A shadow imp (D:5)
  An adder zombie (D:8)
  An ooze (D:1)
  2 adder skeletons
  5 worms
  4 dart slugs
  4 leopard geckos
  25 orcs
  6 ball pythons
  4 giant cockroaches
  11 goblins
  8 hobgoblins
  12 jackals
  4 quokkas
  12 bats
  17 frilled lizards
  25 kobolds
  A leopard gecko skeleton (D:4)
  8 rats
  A plant (Sewer)
315 creatures vanquished.

Vanquished Creatures (others)
  A kobold (D:8)
  3 fungi (D:10)
4 creatures vanquished.

Grand Total: 319 creatures vanquished

Notes
Turn   | Place    | Note
-------+----------+-------------------------------------------
     0 | D:1      | darkdagon605 the Draconian Transmuter began the quest for
                  | the Orb.
     0 | D:1      | Reached XP level 1. HP: 16/16 MP: 3/3
   104 | D:1      | Reached XP level 2. HP: 13/24 MP: 3/5
  1022 | D:1      | Reached XP level 3. HP: 28/30 MP: 4/6
  1026 | D:1      | Learned a level 2 spell: Sticks to Snakes
  1030 | D:1      | Learned a level 3 spell: Spider Form
  1491 | D:2      | Found a shattered altar of Ashenzari.
  1501 | D:2      | Reached skill level 1 in Poison Magic
  2069 | D:2      | Reached XP level 4. HP: 37/37 MP: 3/7
  2785 | D:3      | Found a glowing drain.
  2810 | Sewer    | Entered a sewer
  4078 | D:3      | Reached XP level 5. HP: 38/45 MP: 5/8
  5062 | D:4      | You fall through a shaft!
  5062 | D:5      | Entered Level 5 of the Dungeon
  5077 | D:5      | Found a staircase to the Ecumenical Temple.
  5085 | Temple   | Entered the Ecumenical Temple
  5195 | Temple   | Became a worshipper of Ru the Awakened
  5453 | D:5      | Noticed Menkaure
  5521 | D:5      | Reached XP level 6. HP: 21/52 MP: 5/9
  5535 | D:5      | Killed Menkaure
  6071 | D:4      | Reached skill level 5 in Unarmed Combat
  6249 | D:4      | Your scales start taking on a lurid green colour.
  6249 | D:4      | Reached XP level 7. HP: 60/60 MP: 6/10
  6249 | D:4      | Gained mutation: Your system is resistant to poisons.
                  | (rPois) [Green Draconian growth]
  6483 | D:4      | Reached skill level 5 in Fighting
  6494 | D:4      | Learned a level 4 spell: Ice Form
  6572 | D:4      | Found Yquci's Antique Weapon Emporium.
  7610 | D:6      | Reached XP level 8. HP: 70/70 MP: 7/11
  7940 | D:6      | Found an iron altar of Okawaru.
  8056 | D:6      | Reached skill level 5 in Dodging
  9173 | D:7      | Reached XP level 9. HP: 67/79 MP: 8/12
  9235 | D:7      | Noticed a troll
  9250 | D:7      | Killed a troll
  9283 | D:7      | Noticed a troll
  9290 | D:7      | Killed a troll
  9627 | D:7      | Noticed a brown ugly thing
  9630 | D:7      | Noticed a troll
  9642 | D:7      | Killed a brown ugly thing
  9653 | D:7      | Killed a troll
 10107 | D:7      | Noticed a komodo dragon
 10122 | D:7      | Killed a komodo dragon
 10214 | D:7      | Reached XP level 10. HP: 91/91 MP: 10/13
 10560 | D:8      | Found Koghoyt's Magic Scroll Emporium.
 10572 | D:8      | Bought a scroll of random uselessness for 11 gold pieces
 10572 | D:8      | Bought a scroll of noise for 11 gold pieces
 10764 | D:8      | Found a runed door.
 11023 | D:8      | Found a runed door.
 11044 | D:8      | Noticed Harold
 11087 | D:8      | Noticed a two-headed ogre
 11111 | D:8      | Killed a two-headed ogre
 11403 | D:8      | Killed Harold
 11403 | D:8      | Reached skill level 10 in Fighting
 11641 | D:8      | Reached skill level 10 in Unarmed Combat
 12556 | D:10     | Entered Level 10 of the Dungeon
 12618 | D:10     | Reached XP level 11. HP: 66/101 MP: 8/14
 12636 | D:10     | Gained mutation: You cannot study or use magical devices.
                  | [Ru sacrifice]
 12636 | D:10     | Reached * piety under Ru
 12636 | D:10     | Reached ** piety under Ru
 13499 | D:10     | Found a staircase to the Lair.
 13670 | D:10     | Found a staircase to the Orcish Mines.
 13769 | Lair:1   | Entered Level 1 of the Lair of Beasts
 13889 | Lair:1   | Reached skill level 1 in Ice Magic
 13999 | Lair:1   | HP: 7/151 [poisoned by a spiny frog]
 14001 | Lair:1   | Mangled by a spiny frog

Vault maps used:
D:1:      dpeg_arrival_tiny_h
D:2:      ashenzari_conservatory_becter
D:3:      cheibrodos_sewer_entry_bend, minmay_misc_feat_iff,
          minmay_stone_trees_small
D:4:      serial_shops, nicolae_shop_behind_doors, first_ration,
          serial_bayou_lagoon_a
D:5:      minmay_temple_entry_mini_moons, uniq_menkaure
D:6:      minmay_misc_feat_ornament, okawaru_ov_weapons_minmay
D:7:      minmay_the_grid_four_pointed_star, the_bakery
D:8:      cheibrodos_histonic, serial_shops, nicolae_shop_trees,
          minmay_quadrilaterals, uniq_harold
D:10:     grunt_lair_entry_orc_guard_hut, david_orc_4
Temple:   kilobyte_greek_temple
Lair:1:   gammafunk_ghost_ooze, grunt_forest_large_clearings
Sewer:    sewer_co_scattered_pipes

Skill      XL: |  1  2  3  4  5  6  7  8  9 10 11 |
---------------+----------------------------------+-----
Fighting       | 2 3 4 5 7 9 10 | 10.9
Poison Magic   | 2 |  2.5
Dodging        | 2 3 4 6 7 9 |  9.2
Unarmed Combat | 4 5 6 7 8 10 | 10.5
Ice Magic      | 3 |  3.9
Transmutations | 4 |  4.5
Spellcasting   | |  2.9

Action                   |  1- 3 |  4- 6 |  7- 9 | 10-12 || total
-------------------------+-------+-------+-------+-------++-------
Melee: Unarmed           |   166 |   227 |   328 |   411 ||  1132
       Tailslap          |    13 |     6 |     3 |     4 ||    26
       Kick              |     9 |       |       |       ||     9
       Headbutt          |     7 |       |       |       ||     7
       Punch             |     1 |     1 |     2 |     3 ||     7
Throw: Stone             |    11 |    44 |    29 |     8 ||    92
       Throwing net      |       |       |       |     1 ||     1
 Cast: Beastly Appendage |    26 |     1 |     2 |     1 ||    30
       Spider Form       |     1 |    32 |    41 |    41 ||   115
       Sticks to Snakes  |       |       |     8 |    15 ||    23
Invok: Reject Sacrifices |       |       |     1 |       ||     1
       Sacrifice Artific |       |       |       |     1 ||     1
 Abil: Breathe Noxious F |       |       |       |     2 ||     2
  Use: Potion            |       |     7 |       |     1 ||     8
       Scroll            |       |    10 |     4 |     4 ||    18
 Stab: Sleeping          |     2 |       |     6 |     4 ||    12
       Distracted        |       |       |       |     1 ||     1
       Confused          |       |       |       |     1 ||     1
  Eat: Chunk             |     5 |    14 |    13 |    16 ||    48
       Ration            |       |     1 |     2 |     1 ||     4
Armor: Skin              |    56 |    33 |    30 |    24 ||   143
Dodge: Dodged            |   101 |   157 |   274 |   299 ||   831
Block: Other             |       |       |       |    42 ||    42
       Reflection        |       |       |       |     3 ||     3

Table legend:
 A = Non-vault XP
 B = Vault XP
 C = Vault XP percentage of total XP
 D = Non-vault monster count
 E = Vault monster count
 F = Vault count percentage of total count
                 A         B        C        D         E       F
            +---------+---------+-------+---------+---------+-------
      Total |    7645 |    9082 |  54.3 |     212 |     102 |  32.5
            +---------+---------+-------+---------+---------+-------
        D:1 |      52 |       0 |   0.0 |      28 |       0 |   0.0
        D:2 |      65 |       0 |   0.0 |      29 |       0 |   0.0
        D:3 |      29 |      15 |  34.1 |      18 |       3 |  14.3
        D:4 |     385 |       0 |   0.0 |      20 |       0 |   0.0
        D:5 |     359 |     165 |  31.5 |      19 |       1 |   5.0
        D:6 |    1195 |       0 |   0.0 |      28 |       0 |   0.0
        D:7 |     958 |    2636 |  73.3 |      18 |      15 |  45.5
        D:8 |    2003 |    2163 |  51.9 |      28 |      17 |  37.8
        D:9 |     550 |       0 |   0.0 |      11 |       0 |   0.0
       D:10 |     527 |    1348 |  71.9 |       6 |      22 |  78.6
     Lair:1 |    1522 |    2690 |  63.9 |       7 |      24 |  77.4
      Sewer |       0 |      65 | 100.0 |       0 |      20 | 100.0
            +---------+---------+-------+---------+---------+-------
